 Dungeon Crawl Stone Soup version 0.28-a0-612-gcfc00ec14d (webtiles) character file.

Game seed: 8582527622843028613

1163 jasper the Spear-Bearer (level 8, -3/54 HPs)
             Began as a Demonspawn Artificer on Oct 5, 2021.
             Was a Believer of Hepliaklqana.
             Slain by a scorpion (5 damage)
             ... in an ossuary.
             The game lasted 00:06:55 (4612 turns).

jasper the Spear-Bearer (Demonspawn Artificer)      Turns: 4612, Time: 00:06:55

Health: -3/54      AC:  7    Str: 13    XL:     8   Next: 17%
Magic:  8/8        EV: 10    Int: 13    God:    Hepliaklqana [**....]
Gold:   121        SH:  0    Dex: 15    Spells: 7/7 levels left

rFire   . . .      SeeInvis .   f - +0 spear
rCold   . . .      Faith    .   (no shield)
rNeg    . . .      Spirit   .   q - +0 ring mail
rPois   .          Reflect  .   (no helmet)
rElec   .          Harm     .   w - scarf {repulsion}
rCorr   .          Rampage  .   (no gloves)
Will    .....                   (no boots)
Stlth   +.........              l - amulet of magic regeneration
HPRegen 0.18/turn               (no ring)
MPRegen 0.36/turn               (no ring)

@: lethally poisoned (-3 -> -7), repel missiles
A: reduced essence, hooves 1, yellow scales 1, demonic guardian 1
a: Renounce Religion, Recall Ancestor, Ancestor Identity


You were in an ossuary.
You worshipped Hepliaklqana.
Hepliaklqana was pleased with you.
You visited 1 branch of the dungeon, and saw 4 of its levels.
You also visited: Ossuary.

You collected 171 gold pieces.
You spent 50 gold pieces at shops.

Inventory:

Hand Weapons
 a - a +0 club
 f - a +0 spear (weapon)
 h - a +2 dagger of venom
 m - a +2 short sword of venom
 t - a +0 flail
Missiles
 p - 18 poisoned darts
 s - a throwing net
 u - 72 stones
Armour
 b - a +0 leather armour
 q - a +0 ring mail (worn)
 w - a scarf of repulsion (worn)
Jewellery
 l - an amulet of magic regeneration (around neck)
Wands
 d - a wand of charming (13)
Scrolls
 g - 2 scrolls of fog
 i - 4 scrolls of amnesia
 j - a scroll of enchant weapon
 k - 4 scrolls of teleportation
 o - a scroll of vulnerability
 x - a scroll of magic mapping
 y - 2 scrolls of identify
Potions
 c - a potion of flight {unknown}
 n - a potion of attraction
 r - 4 potions of haste
 v - a potion of curing {unknown}
 z - a potion of degeneration {unknown}
Miscellaneous
 e - a piece from Xom's chessboard (15/15)


   Skills:
 - Level 4.0 Fighting
 - Level 0.3 Maces & Flails
 + Level 8.0 Polearms
 - Level 1.7 Armour
 - Level 0.8 Dodging
 - Level 0.8 Stealth
 - Level 3.0 Evocations


You had 7 spell levels left.
You didn't know any spells.
Your spell library was empty.

Dungeon Overview and Level Annotations

Branches:
Dungeon (4/15)            Ossuary (1/1)
 Temple: D:4-7

Altars:
Hepliaklqana

Shops:
D:1 *


Innate Abilities, Weirdness & Mutations

Your life essence is reduced to manifest your ancestor. (-10% HP)
You have large cloven feet.
You are partially covered in yellow scales. (AC +2)
A weak demonic guardian rushes to your aid.


Message History

You hit the centaur zombie but do no damage.
You kick the centaur zombie.
The centaur zombie is lightly damaged.
You feel sick. The scorpion stings you.
* * * LOW HITPOINT WARNING * * *
A demonic guardian appears!
The centaur zombie barely misses you.
The centaur zombie kicks you but does no damage.
You hit the centaur zombie.
The centaur zombie is moderately damaged.
* * * LOW HITPOINT WARNING * * *
You feel sick. The scorpion barely misses you.
The centaur zombie closely misses you.
The centaur zombie kicks you but does no damage.
Ntombi hits the centaur zombie with a +0 flail!
You catch the helpless centaur zombie completely off-guard!
You hit the centaur zombie.
The centaur zombie is severely damaged.
* * * LOW HITPOINT WARNING * * *
You feel sick. The scorpion closely misses you.
The centaur zombie completely misses you.
The centaur zombie kicks you but does no damage.
Ntombi barely misses the centaur zombie.
You puncture the centaur zombie!
The centaur zombie is almost destroyed.
* * * LOW HITPOINT WARNING * * *
You feel sick.
The scorpion stings you but does no damage.
The centaur zombie hits you but does no damage.
The centaur zombie closely misses you.
You hit the centaur zombie. You kick the centaur zombie.
The centaur zombie is almost destroyed.
* * * LOW HITPOINT WARNING * * *
You feel sick.
Ntombi hits the centaur zombie with a +0 flail!
The centaur zombie is destroyed!
The scorpion closely misses you.
Your Polearms skill increases to level 8!
* * * LOW HITPOINT WARNING * * *
You feel sick. The scorpion stings you.
You die...

###################
#...#!??#...#...#..
...+!.=#...'...8..
...#!.M#...#......
##'#######'###8...8
#...#...#...#......
#s@.#...8...#...8..
#5.R#.......#...#..
#...##8...8########
#...#.......#...#..
#...#...8...'...#..
#...#...#...#...#..
##'###########'####
#...#...#...#.....#
#...8...'...#.....#


You could see the friendly Ntombi the knight, a scorpion (ally target) and a
friendly shadow imp (summoned).

Vanquished Creatures
  A necrophage (D:4)
  4 scorpions (Ossuary)
  A centaur zombie (Ossuary)
  A scorpion zombie (Ossuary)
  A mummy (Ossuary)
  A gnoll (D:2)
  An adder (D:2)
  2 dart slugs (D:1)
  5 bats (D:1)
  4 endoplasms
  2 giant cockroaches
  A gnoll zombie (Ossuary)
  5 hobgoblins
  2 jackals (D:2)
  3 quokkas
  4 ball pythons
  4 frilled lizards
  9 goblins
  A goblin zombie (Ossuary)
  6 kobolds
  6 rats
64 creatures vanquished.

Vanquished Creatures (collateral kills)
  An ogre (D:4)
  5 scorpions (Ossuary)
  3 centaur zombies (Ossuary)
  2 human zombies (Ossuary)
  A jelly (D:4)
  An iguana (D:4)
  2 scorpion zombies (Ossuary)
  2 mummies (Ossuary)
  2 gnolls (D:2)
  2 adders
  A ball python (D:3)
  An endoplasm (D:4)
  2 gnoll zombies (Ossuary)
  A goblin (D:4)
  A hobgoblin (D:3)
  A kobold (D:4)
  A bat (D:2)
  A frilled lizard (D:3)
  2 hobgoblin zombies (Ossuary)
  An orc zombie (Ossuary)
  A rat (D:3)
34 creatures vanquished.

Vanquished Creatures (others)
  A jackal (D:1)
1 creature vanquished.

Grand Total: 99 creatures vanquished

Notes
Turn   | Place    | Note
-------+----------+-------------------------------------------
     0 | D:1      | jasper the Demonspawn Artificer began the quest for the
                  | Orb.
     0 | D:1      | Reached XP level 1. HP: 15/15 MP: 1/1
    91 | D:1      | Gained mutation: A weak demonic guardian rushes to your
                  | aid. [demonic ancestry]
    91 | D:1      | Reached XP level 2. HP: 14/22 MP: 2/2
  1051 | D:1      | Reached XP level 3. HP: 25/29 MP: 3/3
  1188 | D:1      | Found Enuxkito's General Store.
  1196 | D:1      | Bought a scroll of teleportation for 30 gold pieces
  1196 | D:1      | Bought a scroll of identify for 20 gold pieces
  1955 | D:2      | Gained mutation: You have large cloven feet. [demonic
                  | ancestry]
  1955 | D:2      | Reached XP level 4. HP: 37/37 MP: 4/4
  2030 | D:2      | Found a faded altar of an unknown god.
  2136 | D:2      | Became a worshipper of Hepliaklqana the Forgotten
  2136 | D:2      | Reached * piety under Hepliaklqana
  2781 | D:3      | Reached skill level 1 in Polearms
  2927 | D:3      | Reached ** piety under Hepliaklqana
  2928 | D:3      | Remembered your ancestor Ntombi as a knight
  3449 | D:4      | Noticed an ogre
  3454 | D:4      | Killed an ogre
  3455 | D:4      | Reached skill level 2 in Polearms
  3455 | D:4      | Gained mutation: You are partially covered in yellow
                  | scales. (AC +2) [demonic ancestry]
  3455 | D:4      | Reached XP level 5. HP: 37/37 MP: 5/5
  3471 | D:4      | Reached skill level 3 in Polearms
  3484 | D:4      | Noticed a necrophage
  3485 | D:4      | Found a sand-covered staircase.
  3503 | D:4      | Killed a necrophage
  3504 | D:4      | Reached skill level 4 in Polearms
  3504 | D:4      | Reached XP level 6. HP: 30/43 MP: 6/6
  3553 | Ossuary  | Entered an ossuary
  3720 | Ossuary  | Reached skill level 5 in Polearms
  4012 | Ossuary  | Reached XP level 7. HP: 20/48 MP: 7/7
  4023 | Ossuary  | Reached skill level 6 in Polearms
  4319 | Ossuary  | Reached skill level 7 in Polearms
  4464 | Ossuary  | Reached XP level 8. HP: 45/54 MP: 8/8
  4611 | Ossuary  | HP: 2/54 [poisoned by a scorpion]
  4612 | Ossuary  | Reached skill level 8 in Polearms
  4612 | Ossuary  | Slain by a scorpion

Illustrated notes

Levels and vault maps discovered:
D:1:      roderic_octagonal_star, layout_basic, serial_shops, shop,
          minmay_quantized
D:2:      layout_basic, basic_ecumenical_altar
D:3:      layout_basic
D:4:      layout_rooms, general_overflow_altar, advil_vaults_ghost_guards,
          nicolae_ossuary_entry_plus, chequers_hall_statues_corner_a,
          minmay_misc_feat_columns
Ossuary:  ossuary_minmay_scorpions

Skill      XL: |  1  2  3  4  5  6  7  8 |
---------------+-------------------------+-----
Fighting       | 2 3 4 |  4.0
Polearms       | 2 4 5 7 8 |  8.0
Maces & Flails | |  0.3
Armour         | |  1.7
Dodging        | |  0.8
Stealth        | |  0.8
Evocations     | |  3.0

Action                   |  1- 3 |  4- 6 |  7- 9 || total
-------------------------+-------+-------+-------++-------
Melee: Club              |    18 |       |       ||    18
       Dagger            |    57 |    48 |       ||   105
       Spear             |     4 |    31 |    84 ||   119
       Kick              |       |    17 |    30 ||    47
Invok: Ancestor Life: Kn |       |     1 |       ||     1
Evoke: Wand              |    11 |       |     6 ||    17
  Use: Scroll            |     3 |     5 |     3 ||    11
       Potion            |       |       |     1 ||     1
 Stab: Sleeping          |     2 |       |       ||     2
       Distracted        |       |       |     3 ||     3
Armor: Leather armour    |    27 |       |       ||    27
       Ring mail         |       |    18 |    25 ||    43
Dodge: Dodged            |    35 |    50 |    33 ||   118

Table legend: (Time is in decaauts)
 A = Elapsed time spent in this place.
 B = Non-inter-level travel time spent in this place.
 C = Inter-level travel time spent in this place.
 D = Time resting spent in this place.
 E = Time spent auto-exploring this place.
 F = Levels seen in this place.
 G = Mean time per level.
                   A        B        C        D        E       F      G
               +--------+--------+--------+--------+--------+-----+--------+
         Total |   4588 |   4504 |     84 |   1021 |   2730 |   5 |  917.6 |
       Dungeon |   3555 |   3471 |     84 |    583 |   2326 |   4 |  888.8 |
       Ossuary |   1032 |   1032 |      0 |    438 |    404 |   1 | 1032.0 |
               +--------+--------+--------+--------+--------+-----+--------+

Top non-repeatable levels by time:
     D:1: 1581 daAuts
     D:2: 1168 daAuts
 Ossuary: 1032 daAuts
     D:3: 702 daAuts
     D:4: 102 daAuts
